TOP OF THE 1ST |
Chesapeake Mallards batting - Pitching for Santa Monica Tropical Fish : RHP Soren Harp
|
Pitching: RHP Soren Harp
|
|
Batting: SHB Chase Wilcox
|
0-0: Foul Ball, location: 2F 0-1: Ball 1-1: Ball 2-1: Foul Ball, location: 2F 2-2: Ground out 5-3 (Groundball, 56, EV 105.0 MPH)
|
Batting: RHB Bradley Snyder
|
0-0: Ball 1-0: Foul Ball, location: 2F 1-1: Foul Ball, location: 2F 1-2: Ball 2-2: Foul Ball, location: 2F 2-2: Strikes out swinging
|
Batting: RHB Jared Elwell
|
0-0: Ball 1-0: Ball 2-0: Ball 3-0: Called Strike 3-1: Called Strike 3-2: SINGLE (Line Drive, 8LS, EV 98.1 MPH)
|
Batting: RHB Chase Baesman
|
0-0: Fielders Choice at 2nd, U4 (Groundball, 4M, EV 83.8 MPH)
|
Top of the 1st over - 0 runs, 1 hit, 0 errors, 1 left on base; Chesapeake 0 - Santa Monica 0 |
BOTTOM OF THE 1ST |
Santa Monica Tropical Fish batting - Pitching for Chesapeake Mallards : RHP Rufus Inman
|
Pitching: RHP Rufus Inman
|
|
Batting: RHB Kaleb Gilchrist
|
0-0: Called Strike 0-1: Bunt for hit to 5S - play at first, batter OUT! 5-3
|
Batting: RHB Lemarr Fornasari
|
0-0: Swinging Strike 0-1: Ball 1-1: Ball 2-1: Foul Ball, location: 2F 2-2: Foul Ball, location: 2F 2-2: Foul Ball, location: 2F 2-2: Ball 3-2: SINGLE (Groundball, 6D, EV 100.6 MPH)
|
Batting: LHB Cameron Kingery
|
0-0: DOUBLE (Line Drive, 5D, EV 104.4 MPH) Lemarr Fornasari to third
|
Batting: RHB Adrian Harrison
|
0-0: SINGLE (Groundball, 34D, EV 105.6 MPH) Lemarr Fornasari scores Cameron Kingery to third
|
Batting: LHB Oscar Rhinehardt
|
0-0: Ball 1-0: Foul Ball, location: 2F 1-1: Ball 2-1: Ball 3-1: Base on Balls Adrian Harrison to second
|
Batting: RHB Rick McGivney
|
0-0: Swinging Strike 0-1: Swinging Strike 0-2: Ball 1-2: Fly out, F7 (Flyball, 7D, EV 108.1 MPH) Runner from 3rd tags up, SCORES, throw by LF Adrian Harrison to third
|
Batting: LHB Logan Gruskin
|
0-0: Called Strike 0-1: Swinging Strike 0-2: Ground out 4-3 (Groundball, 4, EV 92.5 MPH)
|
Bottom of the 1st over - 2 runs, 3 hits, 0 errors, 2 left on base; Chesapeake 0 - Santa Monica 2 |
TOP OF THE 2ND |
Chesapeake Mallards batting - Pitching for Santa Monica Tropical Fish : RHP Soren Harp
|
Batting: RHB Chase McNew
|
0-0: Called Strike 0-1: Called Strike 0-2: Ball 1-2: Ball 2-2: Strikes out looking
|
Batting: RHB Kenny Dimick
|
0-0: Ball 1-0: Ball 2-0: Fly out, F3 (Popup, 3, EV 76.9 MPH)
|
Batting: RHB Tommy Siciliano
|
0-0: Ball 1-0: Swinging Strike 1-1: Swinging Strike 1-2: Strikes out swinging
|
Top of the 2nd over - 0 runs, 0 hits, 0 errors, 0 left on base; Chesapeake 0 - Santa Monica 2 |
BOTTOM OF THE 2ND |
Santa Monica Tropical Fish batting - Pitching for Chesapeake Mallards : RHP Rufus Inman
|
Batting: LHB Devin Vandiver
|
0-0: Ground out 4-3 (Groundball, 34D, EV 105.0 MPH)
|
Batting: LHB Weston Davies
|
0-0: Ball 1-0: Ball 2-0: Swinging Strike 2-1: SINGLE (Line Drive, 8RS, EV 108.8 MPH)
|
Batting: RHB Kaleb Gilchrist
|
0-0: Swinging Strike 0-1: Ball 1-1: Called Strike 1-2: Ball 2-2: Ball 3-2: SINGLE (Flyball, 9, EV 97.5 MPH) Weston Davies to second
|
Batting: RHB Lemarr Fornasari
|
0-0: Ball 1-0: Ball 2-0: Called Strike 2-1: Foul Ball, location: 2F 2-2: Ball 3-2: Grounds into double play, 6-4-3 (Groundball, 6D, EV 106.9 MPH)
|
Bottom of the 2nd over - 0 runs, 2 hits, 0 errors, 1 left on base; Chesapeake 0 - Santa Monica 2 |
TOP OF THE 3RD |
Chesapeake Mallards batting - Pitching for Santa Monica Tropical Fish : RHP Soren Harp
|
Batting: RHB Jeremy Lentz
|
0-0: Called Strike 0-1: Ball 1-1: Swinging Strike 1-2: Foul Ball, location: 2F 1-2: Strikes out swinging
|
Batting: RHB Sir Brice
|
0-0: Ball 1-0: Ball 2-0: Called Strike 2-1: Fly out, F9 (Line Drive, 89M, EV 88.8 MPH)
|
Batting: SHB Chase Wilcox
|
0-0: Ball 1-0: Ground out U3 (Groundball, 3, EV 95.6 MPH)
|
Top of the 3rd over - 0 runs, 0 hits, 0 errors, 0 left on base; Chesapeake 0 - Santa Monica 2 |
BOTTOM OF THE 3RD |
Santa Monica Tropical Fish batting - Pitching for Chesapeake Mallards : RHP Rufus Inman
|
Batting: LHB Cameron Kingery
|
0-0: Foul Ball, location: 2F 0-1: Foul Ball, location: 2F 0-2: Ball 1-2: Ball 2-2: Foul Ball, location: 2F 2-2: Fly out, F9 (Flyball, 9, EV 89.4 MPH)
|
Batting: RHB Adrian Harrison
|
0-0: Ball 1-0: Ball 2-0: Swinging Strike 2-1: Ball 3-1: Base on Balls
|
Batting: LHB Oscar Rhinehardt
|
0-0: Ball 1-0: Called Strike 1-1: Foul Ball, location: 2F 1-2: 2-RUN HOME RUN (Flyball, 89XD, EV 105.0 MPH), Distance : 390 ft
|
Batting: RHB Rick McGivney
|
0-0: SINGLE (Groundball, 56D, EV 94.4 MPH)
|
Batting: LHB Logan Gruskin
|
0-0: Ball 1-0: Foul Ball, location: 2F 1-1: Fly out, F7 (Flyball, 7, EV 90.0 MPH)
|
Batting: LHB Devin Vandiver
|
0-0: Called Strike 0-1: Ball 1-1: Ball 2-1: Ball 3-1: Foul Ball, location: 2F 3-2: Foul Ball, location: 2F 3-2: SINGLE (Groundball, 4MD, EV 97.5 MPH) Rick McGivney to second Rick McGivney to third
|
Batting: LHB Weston Davies
|
0-0: Ball 1-0: Ball 2-0: Called Strike 2-1: Foul Ball, location: 2F 2-2: Foul Ball, location: 2F 2-2: Strikes out looking
|
Bottom of the 3rd over - 2 runs, 3 hits, 0 errors, 2 left on base; Chesapeake 0 - Santa Monica 4 |
TOP OF THE 4TH |
Chesapeake Mallards batting - Pitching for Santa Monica Tropical Fish : RHP Soren Harp
|
Batting: RHB Bradley Snyder
|
0-0: Ball 1-0: SINGLE (Line Drive, 6D, EV 95.0 MPH)
|
Batting: RHB Jared Elwell
|
0-0: Called Strike 0-1: Ball 1-1: Ball Bradley Snyder steals 2nd base 2-1: SINGLE (Line Drive, 89M, EV 86.2 MPH) Bradley Snyder to third
|
Batting: RHB Chase Baesman
|
0-0: Called Strike Jared Elwell steals 2nd base 0-1: Swinging Strike 0-2: Strikes out swinging
|
Batting: RHB Chase McNew
|
0-0: Called Strike 0-1: Ball 1-1: Ball 2-1: Swinging Strike 2-2: Foul Ball, location: 2F 2-2: Ground out 5-3 (Groundball, 5L, EV 110.0 MPH)
|
Batting: RHB Kenny Dimick
|
0-0: Called Strike 0-1: Ball 1-1: Foul Ball, location: 2F 1-2: Foul Ball, location: 2F 1-2: Ball 2-2: Strikes out swinging
|
Top of the 4th over - 0 runs, 2 hits, 0 errors, 2 left on base; Chesapeake 0 - Santa Monica 4 |
BOTTOM OF THE 4TH |
Santa Monica Tropical Fish batting - Pitching for Chesapeake Mallards : RHP Rufus Inman
|
Batting: RHB Kaleb Gilchrist
|
0-0: Ball 1-0: Swinging Strike 1-1: Ball 2-1: Foul Ball, location: 2F 2-2: Fly out, F7 (Flyball, 78M, EV 93.1 MPH)
|
Batting: RHB Lemarr Fornasari
|
0-0: Called Strike 0-1: Ground out 4-3 (Groundball, 4, EV 86.2 MPH)
|
Batting: LHB Cameron Kingery
|
0-0: Foul Ball, location: 2F 0-1: Ball 1-1: Foul Ball, location: 2F 1-2: Foul Ball, location: 2F 1-2: DOUBLE (Line Drive, 89D, EV 106.2 MPH)
|
Pitching: RHP Grant Roberts
|
|
Batting: RHB Adrian Harrison
|
0-0: Fly out, F9 (Line Drive, 9, EV 88.1 MPH)
|
Bottom of the 4th over - 0 runs, 1 hit, 0 errors, 1 left on base; Chesapeake 0 - Santa Monica 4 |
TOP OF THE 5TH |
Chesapeake Mallards batting - Pitching for Santa Monica Tropical Fish : RHP Soren Harp
|
Batting: RHB Tommy Siciliano
|
0-0: Ball 1-0: Ball 2-0: Ground out 5-3 (Groundball, 56, EV 107.5 MPH)
|
Batting: RHB Jeremy Lentz
|
0-0: Called Strike 0-1: Called Strike 0-2: Ball 1-2: Ball 2-2: Fly out, F7 (Flyball, 78M, EV 93.8 MPH)
|
Batting: RHB Sir Brice
|
0-0: Ball 1-0: Ball 2-0: Swinging Strike 2-1: Called Strike 2-2: Foul Ball, location: 2F 2-2: Strikes out swinging
|
Top of the 5th over - 0 runs, 0 hits, 0 errors, 0 left on base; Chesapeake 0 - Santa Monica 4 |
BOTTOM OF THE 5TH |
Santa Monica Tropical Fish batting - Pitching for Chesapeake Mallards : RHP Grant Roberts
|
Batting: LHB Oscar Rhinehardt
|
0-0: Ball 1-0: Ball 2-0: Foul Ball, location: 2F 2-1: Ball 3-1: Called Strike 3-2: Strikes out looking
|
Batting: RHB Rick McGivney
|
0-0: Ball 1-0: Called Strike 1-1: SINGLE (Line Drive, 89S, EV 104.4 MPH)
|
Batting: LHB Logan Gruskin
|
0-0: Ball 1-0: Ball 2-0: Called Strike 2-1: Swinging Strike 2-2: Foul Ball, location: 2F 2-2: Ball 3-2: 2-RUN HOME RUN (Flyball, 8RXD, EV 111.9 MPH), Distance : 443 ft
|
Batting: LHB Devin Vandiver
|
0-0: Called Strike 0-1: Ball 1-1: Ball 2-1: SOLO HOME RUN (Flyball, 89XD, EV 101.9 MPH), Distance : 407 ft
|
Batting: LHB Weston Davies
|
0-0: Fly out, F7 (Line Drive, 7, EV 97.5 MPH)
|
Batting: RHB Kaleb Gilchrist
|
0-0: Ball 1-0: Foul Ball, location: 2F 1-1: Ground out 5-3 (Groundball, 56, EV 102.5 MPH)
|
Bottom of the 5th over - 3 runs, 3 hits, 0 errors, 0 left on base; Chesapeake 0 - Santa Monica 7 |
TOP OF THE 6TH |
Chesapeake Mallards batting - Pitching for Santa Monica Tropical Fish : RHP Soren Harp
|
Batting: SHB Chase Wilcox
|
0-0: Ball 1-0: Ball 2-0: Foul Ball, location: 2F 2-1: Ground out 6-3 (Groundball, 6, EV 83.8 MPH)
|
Batting: RHB Bradley Snyder
|
0-0: Ball 1-0: Called Strike 1-1: Ball 2-1: Ball 3-1: Base on Balls
|
Batting: RHB Jared Elwell
|
0-0: Ball 1-0: Ball 2-0: Fly out, F8 (Flyball, 8RM, EV 73.1 MPH)
|
Batting: RHB Chase Baesman
|
0-0: Ball Bradley Snyder steals 2nd base 1-0: Swinging Strike 1-1: Ground out 6-3 (Groundball, 6, EV 80.0 MPH)
|
Top of the 6th over - 0 runs, 0 hits, 0 errors, 1 left on base; Chesapeake 0 - Santa Monica 7 |
BOTTOM OF THE 6TH |
Santa Monica Tropical Fish batting - Pitching for Chesapeake Mallards : RHP Grant Roberts
|
Batting: RHB Lemarr Fornasari
|
0-0: SINGLE (Groundball, 6MD, EV 100.0 MPH)
|
Batting: LHB Cameron Kingery
|
0-0: Ball 1-0: Foul Ball, location: 2F 1-1: Swinging Strike 1-2: DOUBLE (Flyball, 89XD, EV 105.6 MPH) Lemarr Fornasari to third
|
Batting: RHB Adrian Harrison
|
0-0: Ball 1-0: Ball 2-0: Foul Ball, location: 2F 2-1: Swinging Strike 2-2: Ball 3-2: Ground out 5-3 (Groundball, 5, EV 104.4 MPH)
|
Batting: LHB Oscar Rhinehardt
|
0-0: Ball 1-0: Called Strike 1-1: Ball 2-1: Fly out, F9 (Flyball, 89S, EV 94.4 MPH)
|
Batting: RHB Rick McGivney
|
0-0: 3-RUN HOME RUN (Line Drive, 8RXD, EV 113.8 MPH), Distance : 448 ft
|
Pitching: RHP Travis Haines
|
|
Batting: LHB Logan Gruskin
|
0-0: Ball 1-0: Ball 2-0: Ball 3-0: Base on Balls
|
Batting: LHB Devin Vandiver
|
0-0: Called Strike 0-1: Swinging Strike 0-2: Ball 1-2: Strikes out swinging, 2-3 out at first.
|
Bottom of the 6th over - 3 runs, 3 hits, 0 errors, 1 left on base; Chesapeake 0 - Santa Monica 10 |
TOP OF THE 7TH |
Chesapeake Mallards batting - Pitching for Santa Monica Tropical Fish : RHP Soren Harp
|
Batting: RHB Chase McNew
|
0-0: Ball 1-0: SOLO HOME RUN (Flyball, 9D, EV 99.4 MPH), Distance : 376 ft
|
Batting: RHB Kenny Dimick
|
0-0: Ground out 5-3 (Groundball, 56D, EV 82.5 MPH)
|
Batting: RHB Tommy Siciliano
|
0-0: Ball 1-0: Foul Ball, location: 2F 1-1: Swinging Strike 1-2: Ball 2-2: Ground out 4-3 (Groundball, 4MS, EV 78.8 MPH)
|
Batting: RHB Jeremy Lentz
|
0-0: Foul Ball, location: 2F 0-1: Ball 1-1: Foul Ball, location: 2F 1-2: Foul Ball, location: 2F 1-2: Foul Ball, location: 2F 1-2: Fly out, F8 (Flyball, 8LD, EV 97.5 MPH)
|
Top of the 7th over - 1 run, 1 hit, 0 errors, 0 left on base; Chesapeake 1 - Santa Monica 10 |
BOTTOM OF THE 7TH |
Santa Monica Tropical Fish batting - Pitching for Chesapeake Mallards : RHP Travis Haines
|
Batting: LHB Weston Davies
|
0-0: Called Strike 0-1: Foul Ball, location: 2F 0-2: Foul Ball, location: 2F 0-2: Ball 1-2: Ball 2-2: Ball 3-2: Foul Ball, location: 2F 3-2: Foul Ball, location: 2F 3-2: Fly out, F5 (Popup, 5F, EV 54.4 MPH)
|
Pinch Hitting: RHB Shawn Casey
|
0-0: Foul Ball, location: 2F 0-1: Ball 1-1: Foul Ball, location: 2F 1-2: Strikes out swinging
|
Batting: RHB Lemarr Fornasari
|
0-0: Ground out 6-3 (Groundball, 56, EV 88.8 MPH)
|
Bottom of the 7th over - 0 runs, 0 hits, 0 errors, 0 left on base; Chesapeake 1 - Santa Monica 10 |
TOP OF THE 8TH |
Chesapeake Mallards batting - Pitching for Santa Monica Tropical Fish : RHP Soren Harp
|
Now at 2B: Devin Vandiver
|
|
Now at SS: Shawn Casey
|
|
Batting: RHB Sir Brice
|
0-0: Called Strike 0-1: SINGLE (Line Drive, 5, EV 95.0 MPH)
|
Pitching: RHP Schroeder Barton
|
|
Batting: SHB Chase Wilcox
|
0-0: Called Strike 0-1: Foul Ball, location: 2F 0-2: Strikes out swinging
|
Batting: RHB Bradley Snyder
|
0-0: DOUBLE (Line Drive, 9LM, EV 101.9 MPH) Sir Brice to third
|
Batting: RHB Jared Elwell
|
0-0: Ball 1-0: Called Strike 1-1: Ball 2-1: Foul Ball, location: 2F 2-2: Strikes out swinging
|
Batting: RHB Chase Baesman
|
0-0: Ball 1-0: Ball 2-0: Swinging Strike 2-1: Swinging Strike 2-2: Strikes out swinging
|
Top of the 8th over - 0 runs, 2 hits, 0 errors, 2 left on base; Chesapeake 1 - Santa Monica 10 |
BOTTOM OF THE 8TH |
Santa Monica Tropical Fish batting - Pitching for Chesapeake Mallards : RHP Travis Haines
|
Batting: LHB Cameron Kingery
|
0-0: Called Strike 0-1: Ball 1-1: Ball 2-1: Foul Ball, location: 2F 2-2: Strikes out swinging
|
Batting: RHB Adrian Harrison
|
0-0: Ball 1-0: Ball 2-0: Ball 3-0: Base on Balls
|
Pinch Hitting: LHB Lance Hill
|
0-0: SINGLE (Groundball, 6MD, EV 94.4 MPH) Adrian Harrison to second
|
Batting: RHB Rick McGivney
|
0-0: Swinging Strike 0-1: Ball 1-1: Foul Ball, location: 2F 1-2: Ball 2-2: Ball 3-2: Strikes out swinging
|
Pitching: RHP Orin Benrs
|
|
Pinch Hitting: LHB Colton Lucus
|
0-0: Called Strike 0-1: Ball 1-1: Foul Ball, location: 2F 1-2: Fly out, F9 (Flyball, 89S, EV 86.2 MPH)
|
Bottom of the 8th over - 0 runs, 1 hit, 0 errors, 2 left on base; Chesapeake 1 - Santa Monica 10 |
TOP OF THE 9TH |
Chesapeake Mallards batting - Pitching for Santa Monica Tropical Fish : RHP Schroeder Barton
|
Now at 1B: Colton Lucus
|
|
Now in LF: Landon Iverson
|
|
Batting: RHB Chase McNew
|
0-0: Ball 1-0: SINGLE (Line Drive, 34D, EV 98.8 MPH)
|
Pinch Hitting: LHB Shabazz Jason
|
0-0: Swinging Strike 0-1: Ball 1-1: Called Strike 1-2: Ball 2-2: Foul Ball, location: 2F 2-2: Strikes out looking
|
Pinch Hitting: RHB Craig Evans
|
0-0: Called Strike 0-1: Swinging Strike 0-2: Ball 1-2: Foul Ball, location: 2F Balk! Chase McNew to second 1-2: Ball 2-2: Strikes out swinging
|
Pitching: RHP Skyler Blackford
|
|
Pinch Hitting: LHB Max Ray
|
0-0: Foul Ball, location: 2F 0-1: Ball 1-1: Fly out, F4 (Popup, 13, EV 78.8 MPH)
|
Top of the 9th over - 0 runs, 1 hit, 0 errors, 1 left on base; Chesapeake 1 - Santa Monica 10 |
|